 Dungeon Crawl Stone Soup version 0.14-a0-3367-g7c2a7eb (webtiles) character file.

2580 Sabsy the Covert (level 9, -20/80 HPs)
             Began as an Ogre Assassin on Mar 19, 2014.
             Was a Believer of Dithmenos.
             Demolished by a bone dragon (21 damage)
             ... while paralysed by a potion of paralysis
             ... on Level 1 of the Abyss.
             The game lasted 01:07:57 (12905 turns).

Sabsy the Covert (Ogre Assassin)                   Turns: 12905, Time: 01:07:58

HP -20/80        AC  6     Str 20      XL: 9   Next: 38%
MP   9/9         EV  1     Int 10      God: Dithmenos [**....]
Gold 310         SH  0     Dex 12      Spells:  0 memorised,  8 levels left

rFire  . . .     SeeInvis .     a - +0 flail
rCold  . . .     Clarity  .     c - +0 robe
rNeg   . . .     Conserve .     (shield restricted)
rPois  .         rCorr    .     i - +2 hat
rElec  .         rRot     .     x - +0 cloak
SustAb . .       Spirit   .     (gloves unavailable)
rMut   .         Warding  .     (boots unavailable)
Saprov + . .     Stasis   .     (no amulet)
MR     .....                    (no ring)
                                z - ring of wizardry

@: paralysed, wreathed by umbra, not resistant to hostile enchantments, very
stealthy
A: unfitting armour, fast metabolism 1, saprovore 1, tough skin 1
a: Shadow Step, Renounce Religion


You were on level 1 of the Abyss.
You worshipped Dithmenos.
Dithmenos was pleased with you.
You were hungry.

You visited 2 branches of the dungeon, and saw 9 of its levels.
You visited the Abyss 1 time.

You collected 310 gold pieces.

Inventory:

Hand weapons
 a - a +0,+0 flail (weapon)
 b - a +0 blowgun
 d - a +0,+0 morningstar
 p - a +2,+2 club
Missiles
 e - 4 poisoned needles
 f - 2 curare-tipped needles
 m - 40 stones (quivered)
Armour
 c - a +0 robe (worn)
 i - a +2 hat (worn)
 x - a +0 cloak (worn)
Magical devices
 y - a wand of magic darts (2)
 A - a wand of random effects (5)
Comestibles
 g - a meat ration
 l - a pear
 s - 7 bread rations
 B - a beef jerky
Scrolls
 h - 3 scrolls of remove curse
 n - 2 scrolls of blinking
 u - a scroll of fear
 v - a scroll of fog
 D - 2 scrolls of teleportation
Jewellery
 t - an uncursed ring of ice
 z - a ring of wizardry (left hand)
Potions
 j - a potion of mutation
 k - a potion of brilliance
 o - a potion of agility {unknown}
 q - 5 potions of curing
 r - 3 potions of lignification


   Skills:
 - Level 2.6 Fighting
 + Level 8.3 Maces & Flails
 - Level 2.1 Throwing
 - Level 0.8 Dodging
 - Level 10.3 Stealth


You had 8 spell levels left.
You didn't know any spells.

Dungeon Overview and Level Annotations

Branches:
Dungeon (8/15)             Temple (1/1) D:4
   Lair: D:8-11

Altars:
Ashenzari
Cheibriados
Dithmenos
Elyvilon
Fedhas
Kikubaaqudgha
Nemelex Xobeh
Okawaru
Sif Muna
Trog
Vehumet
Xom
Yredelemnul
Zin
The Shining One

Shops:
D:8 !

Annotations:
D:5 Prince Ribbit
D:8 Edmund


Innate Abilities, Weirdness & Mutations

You are too large for most types of armour.
You have a fast metabolism.
You can tolerate rotten meat.
You have tough skin (AC +1).


Message History

Read which item? (? for menu, Esc to quit)
Okay, then.
Drink which item? (? for menu, Esc to quit)
You suddenly lose the ability to move!
It was a potion of paralysis.
The worldbinder hits you but does no damage. x2
The human hits you! The worldbinder hits you. x2
The human hits you but does no damage. The worldbinder hits you.
The worldbinder hits you but does no damage.
The worldbinder completely misses you. The worldbinder hits you.
The bone dragon bites you! The bone dragon claws you!
* * * LOW HITPOINT WARNING * * *
The bone dragon barely misses you. The human hits you.
* * * LOW HITPOINT WARNING * * *
The worldbinder hits you.
* * * LOW HITPOINT WARNING * * *
The worldbinder hits you but does no damage.
The bone dragon bites you!
You die...

#....#. .#
##....##...#
#.....#....#
. #...###.
.. . #...# #
.. ### #
##@##### #.
.# #. #@#.#
.##. . #.
#x@.# ...X..
## #@###...
.#. .#
#D..#. .#..
#...## #. .
. #...# #
..# # #
#.### ...#
### #.# # ..
#.# # ### .
. #.# ..# .


You could see a bone dragon, a worldbinder and 3 humans.

Vanquished Creatures
  A spriggan (D:7)
  2 hippogriffs
  An ice beast (D:7)
  A phantom (D:5)
  A crocodile (D:7)
  A giant frog (D:6)
  A big kobold (D:7)
  2 centaurs (D:5)
  2 scorpions
  A water moccasin skeleton (D:7)
  2 jellies
  A goliath beetle (D:7)
  A centaur zombie (D:5)
  A crimson imp (D:6)
  3 hounds
  A giant frog skeleton (D:6)
  6 worker ants
  Natasha (thrice) (D:4)
  3 orc priests
  2 iguanas (D:4)
  3 orc wizards
  A hound zombie (D:6)
  An ogre skeleton (D:6)
  10 adders
  12 gnolls
  2 orc skeletons
  An inept item mimic (D:6)
  A shadow imp (D:6)
  3 worms
  An adder skeleton (D:4)
  A giant eyeball (D:4)
  11 giant geckos
  19 orcs
  25 bats
  A bat skeleton (D:5)
  6 giant cockroaches
  17 goblins
  11 hobgoblins
  9 jackals
  24 kobolds
  An ooze (D:5)
  2 ball pythons (D:3)
  2 giant newts (D:2)
  A jackal skeleton (D:4)
  22 rats
  A rat zombie (D:5)
224 creatures vanquished.

Vanquished Creatures (others)
  An orc (D:4)
1 creature vanquished.

Grand Total: 225 creatures vanquished

Notes
Turn   | Place    | Note
--------------------------------------------------------------
     0 | D:1      | Sabsy, the Ogre Assassin, began the quest for the Orb.
     0 | D:1      | Reached XP level 1. HP: 22/22 MP: 1/1
   255 | D:1      | Reached XP level 2. HP: 27/29 MP: 2/2
   467 | D:1      | Reached skill level 4 in Stealth
   543 | D:1      | Reached XP level 3. HP: 33/36 MP: 3/3
  1534 | D:2      | Reached XP level 4. HP: 42/44 MP: 4/4
  1841 | D:2      | Reached skill level 5 in Stealth
  2473 | D:2      | Reached XP level 5. HP: 20/50 MP: 5/5
  3692 | D:3      | Found a radiant altar of Vehumet.
  4040 | D:3      | Reached skill level 6 in Stealth
  4124 | D:3      | Reached XP level 6. HP: 42/59 MP: 6/6
  4590 | D:4      | Gained mutation: You are frail (-10% HP). [potion of mutation]
  4590 | D:4      | Gained mutation: Your muscles are strong. (Str +2) [potion of mutation]
  4591 | D:4      | Lost mutation: You are frail (-10% HP). [potion of cure mutation]
  4591 | D:4      | Lost mutation: Your muscles are strong. (Str +2) [potion of cure mutation]
  4837 | D:4      | Paralysed by a giant eyeball for 3 turns
  4923 | D:4      | Noticed Natasha
  5036 | D:4      | Reached skill level 7 in Stealth
  5069 | D:4      | Killed Natasha
  5326 | D:4      | Found a staircase to the Ecumenical Temple.
  5336 | Temple   | Entered the Ecumenical Temple
  5349 | Temple   | Became a worshipper of Dithmenos
  5558 | D:4      | Reached XP level 7. HP: 40/66 MP: 7/7
  5758 | D:4      | Noticed Natasha
  5836 | D:4      | Killed Natasha
  5930 | D:4      | Noticed Natasha
  5990 | D:4      | Killed Natasha
  6094 | D:5      | Entered Level 5 of the Dungeon
  6176 | D:5      | Found a shattered altar of Ashenzari.
  6261 | D:5      | Noticed Prince Ribbit
  6319 | D:5      | Reached skill level 8 in Stealth
  7779 | D:5      | Reached XP level 8. HP: 35/74 MP: 8/8
  7785 | D:5      | Got a brightly glowing leather armour
  7970 | D:5      | Reached skill level 9 in Stealth
  9526 | D:6      | Found a shimmering altar of Xom.
 10203 | D:6      | Found a basalt altar of Yredelemnul.
 10203 | D:6      | Found a radiant altar of Vehumet.
 10221 | D:6      | Reached skill level 10 in Stealth
 10611 | D:6      | Acquired Dithmenos' first power
 11015 | D:7      | Reached skill level 5 in Maces & Flails
 11015 | D:7      | Reached XP level 9. HP: 29/80 MP: 9/9
 12218 | D:8      | Found Phuafua's Distillery.
 12698 | D:8      | Noticed Edmund
 12734 | D:8      | Cast into the Abyss (Edmund)
 12831 | Abyss:1  | Noticed a large abomination
 12859 | Abyss:1  | Noticed a large abomination
 12886 | Abyss:1  | Noticed a starcursed mass
 12886 | Abyss:1  | Noticed a worldbinder
 12888 | Abyss:1  | Noticed an ironheart preserver
 12888 | Abyss:1  | Noticed a yaktaur
 12890 | Abyss:1  | Noticed an ironheart preserver
 12897 | Abyss:1  | Noticed a bone dragon
 12902 | Abyss:1  | Paralysed by a potion of paralysis for 7 turns
 12904 | Abyss:1  | HP: 4/80 [human[a worldbinder] (5)]
 12905 | Abyss:1  | HP: 1/80 [worldbinder (4)]
 12905 | Abyss:1  | Demolished by a bone dragon

Action                   |  1- 3 |  4- 6 |  7- 9 || total
-------------------------+-------+-------+-------++-------
Melee: Club              |   170 |   113 |    64 ||   347
       Flail             |       |   193 |   533 ||   726
 Fire: Blowgun           |     3 |       |    20 ||    23
Throw: Stone             |       |       |    13 ||    13
Evoke: Wand              |       |     3 |     3 ||     6
  Use: Scroll            |       |     8 |    12 ||    20
       Potion            |       |     6 |     9 ||    15
 Stab: Sleeping          |     1 |     7 |    13 ||    21
       Distracted        |       |     1 |     3 ||     4
       Invisible         |       |       |     1 ||     1
